 Dungeon Crawl Stone Soup version 0.31.0-1-g2c135a008e (webtiles) character file.

Game seed: 9942906317193041999

169 qw the Shooter (level 5, -1/40 HPs)
             Began as a Djinni Hunter on Jan 23, 2024.
             Was an Initiate of Okawaru.
             Slain by an ice beast (14 damage)
             ... on level 3 of the Dungeon.
             The game lasted 00:00:09 (2748 turns).

qw the Shooter (Djinni Hunter)                      Turns: 2748, Time: 00:00:09

Health: -1/40      AC:  5    Str: 10    XL:     5   Next: 79%
Gold:   78         EV: 11    Int: 10    God:    Okawaru [......] SH:  0 Dex: 19

rFire   + + .        a - +0 shortbow (freeze)
rCold   . . .        (shield currently unavailable)
rNeg    . . .        b - +0 ring mail
rPois   inf          (no helmet)
rElec   .            (no cloak)
rCorr   .            (no gloves)
SInv    .            (boots unavailable)
Will    .....        (no amulet)
Stlth   +            g - ring of protection from cold
HPRegen 0.26/turn    (no ring)
MPRegen 0.00/turn

%: infuse magic (-2 HP)
@: flying
A: sickness immunity, fire resistance 2, cold vulnerability 1, float, innate
caster, HP casting, extra vitality 1
a: Renounce Religion


You were on level 3 of the Dungeon.
You worshipped Okawaru.
Okawaru was noncommittal.
You visited 1 branch of the dungeon, and saw 3 of its levels.

You collected 78 gold pieces.


Innate Abilities, Weirdness & Mutations

You are immune to sickness and miasma.
You are immune to poison.
Your flesh is very heat resistant. (rF++)
You are vulnerable to cold. (rC-)
You float through the air rather than walking.
You learn spells naturally, not from books.
Your magical power is your life essence.
You have superior vitality. (+4 MHP)


   Skills:
 - Level 3.1 Fighting
 + Level 4.3 Ranged Weapons
 - Level 2.0 Armour
 - Level 2.9 Dodging
 - Level 0.7 Stealth


You knew the following spells:

 Your Spells              Type           Power      Damage    Failure   Level
a - Slow                  Hex            0%         N/A       67%         1
b - Static Discharge      Conj/Air       0%         3-3/arc   82%         2
Your spell library was empty.

Inventory:

Hand Weapons
 a - a +0 shortbow of freezing (weapon)
Armour
 b - a +0 ring mail (worn)
Jewellery
 g - a ring of protection from cold (left hand)
Scrolls
 d - a scroll of torment {unknown}
 h - a scroll of revelation {unknown}
 j - a scroll of teleportation
Potions
 c - a potion of curing
 e - a potion of enlightenment {unknown}
 f - a potion of mutation {unknown}
 i - a potion of lignification {unknown}
 k - a potion of attraction {unknown}
 l - a potion of invisibility {unknown}
 m - a potion of brilliance {unknown}
 n - a potion of ambrosia {unknown}

Dungeon Overview and Level Annotations

Branches:
Dungeon (3/15)

Altars:
Cheibriados
Dithmenos
Okawaru
Qazlal
Yredelemnul
Zin


Message History

Found a stone staircase leading up.
d - a scroll labelled ARUARU HAOMU
Enter note:
Enter note:
n - a coppery potion
Found 7 stones.
You see here 7 stones.
You see here a bat corpse.
Found 6 stones.
Found a stone staircase leading up.
Enter note:
Enter note:
Enter note: You see here a staff of alchemy.
An ice beast is nearby!
You shoot an arrow.
The arrow hits the ice beast but does no damage.
You shoot an arrow. The arrow hits the ice beast.
The ice beast is lightly wounded.
The ice beast hits you. The ice beast freezes you!
You shoot an arrow.
The arrow hits the ice beast but does no damage.
The ice beast is lightly wounded.
The ice beast barely misses you.
You shoot an arrow. The arrow closely misses the ice beast.
The ice beast hits you. The ice beast freezes you!
You shoot an arrow. The arrow hits the ice beast.
The ice beast is lightly wounded.
The ice beast barely misses you.
The ice beast hits you but does no damage.
You shoot an arrow. The arrow closely misses the ice beast.
The ice beast hits you but does no damage.
You shoot an arrow.
The arrow hits the ice beast but does no damage.
The ice beast is lightly wounded.
The ice beast hits you but does no damage.
You shoot an arrow.
The arrow hits the ice beast but does no damage.
The ice beast is lightly wounded.
The ice beast hits you. The ice beast freezes you!
You die...

#.##................#.. #
#.##########..#######.. #
#.# #.....# #.. # #.#
#.....# #.. # #.#
#######.....# #..
###########.#
#...........# ###
............#
#.#######'###
###############Y#.#..##.#
................@.#..##.#
%#########....#.#.#..##.#
.......#<#.#..#.#|#..##.#
.#####.#.#.#..#.#....##.#
....<#.#.#.#..#.#.#.###.#
######.#.#.#..#.#.....#.#
.......#(#.#..#.#.#.#.#.#
########.#........#.#.#.#
#....####.#.#.#.#.#.#


You could see an ice beast.

Vanquished Creatures
  A bombardier beetle (D:3)
  A hound (D:3)
  3 adders (D:2)
  2 ribbon worms (D:3)
  4 dart slugs
  An orc (D:3)
  3 endoplasms (D:1)
  3 giant cockroaches
  10 goblins
  3 hobgoblins
  A jackal (D:1)
  11 kobolds
  4 ball pythons
  7 bats
  5 frilled lizards
  8 rats
67 creatures vanquished.

Notes
Turn   | Place    | Note
-------+----------+-------------------------------------------
     0 | D:1      | qw the Djinni Hunter began the quest for the Orb.
     0 | D:1      | Reached XP level 1. HP: 18/18 MP: 0/0
     0 | D:1      | 0 ||| qw: Version: 0.3-a-135-gb77e89d
     0 | D:1      | 0 ||| qw: Game counter: 808
     0 | D:1      | 0 ||| qw: Melee chars always use a shield: true
     0 | D:1      | 0 ||| qw: God list: Okawaru
     0 | D:1      | 0 ||| qw: Allow faded altars: false
     0 | D:1      | 0 ||| qw: Do Orc after clearing Dungeon:15 true
     0 | D:1      | 0 ||| qw: Do second Lair branch before Depths: true
     0 | D:1      | 0 ||| qw: Lair rune preference: random
     0 | D:1      | 0 ||| qw: Goals: Normal
     0 | D:1      | 0 ||| PLANNING D:1-11
   148 | D:1      | 148 ||| DRINKING 2 white potions.
   149 | D:1      | 149 ||| DROPPING scroll of butterflies.
   154 | D:1      | Reached XP level 2. HP: 23/23 MP: 0/0
   431 | D:1      | Reached XP level 3. HP: 28/28 MP: 0/0
   431 | D:1      | Learned a level 1 spell: Slow
   436 | D:1      | Found a faded altar of an unknown god.
   475 | D:1      | Reached skill level 4 in Ranged Weapons
  1008 | D:1      | 1008 ||| DROPPING scarf of shadows.
  1308 | D:2      | Reached XP level 4. HP: 17/34 MP: 0/0
  1316 | D:2      | Reached skill level 3 in Fighting
  1974 | D:2      | 1974 ||| UPGRADING to +0 ring mail.
  1984 | D:2      | 1984 ||| DROPPING +0 leather armour.
  1985 | D:2      | 1985 ||| UPGRADING to ring of protection from cold.
  1986 | D:2      | 1986 ||| READING scroll labelled NIARUPR JEWOTT.
  1986 | D:2      | 1986 ||| BRANDING +0 shortbow.
  1987 | D:2      | 1987 ||| READING 3 scrolls labelled UWNOOL NILEI.
  1991 | D:2      | 1991 ||| DRINKING 2 puce potions.
  2096 | D:2      | 2096 ||| DROPPING potion of berserk rage.
  2167 | D:3      | Found a basalt altar of Yredelemnul.
  2169 | D:3      | Found an iron altar of Okawaru.
  2170 | D:3      | 2170 ||| PLANNING OKAWARU WORSHIP
  2170 | D:3      | 2170 ||| DRINKING 2 glowing black potions.
  2175 | D:3      | Found a snail-covered altar of Cheibriados.
  2176 | D:3      | Found a glowing silver altar of Zin.
  2178 | D:3      | Became a worshipper of Warmaster Okawaru
  2179 | D:3      | 2179 ||| PLANNING D:1-11
  2180 | D:3      | Found a stormy altar of Qazlal.
  2199 | D:3      | Reached XP level 5. HP: 36/40 MP: 0/0
  2199 | D:3      | Learned a level 2 spell: Static Discharge
  2251 | D:3      | Found a shadowy altar of Dithmenos.
  2444 | D:3      | Noticed an ice beast
  2455 | D:3      | HP: 7/40 [ice beast (5)]
  2456 | D:3      | 2456 ||| READING 2 scrolls of teleportation.
  2457 | D:3      | 2457 ||| DRINKING potion of heal wounds.
  2748 | D:3      | Slain by an ice beast

Levels and vault maps discovered:
D:1:      dpeg_arrival_brainrot, layout_basic,
          hellmonk_ecumenical_altar_defaced_shrine,
          nicolae_concentric_dashed_squares_mild, kennysheep_pointless_box,
          serial_bayou_ford_a
D:2:      minmay_recursive_quarters, layout_loops_ring, eino_tiny_chamber,
          kennysheep_generic_room_8
D:3:      layout_basic, nicolae_overflow_hallway_of_the_gods

Skill      XL: |  1  2  3  4 |
---------------+-------------+-----
Ranged Weapons | 4 |  4.3
Fighting       | 3 |  3.1
Armour         | 2 |  2.0
Dodging        | |  2.9
Stealth        | |  0.7

Action                     |  1- 3 |  4- 6 || total
---------------------------+-------+-------++-------
   Fire: Shortbow          |   102 |   109 ||   211
    Use: Potion            |     1 |     3 ||     4
         Scroll            |       |     3 ||     3
 Armour: Leather armour    |    22 |     9 ||    31
         Ring mail         |       |    27 ||    27
  Dodge: Dodged            |    23 |    23 ||    46

Table legend:
 A = Non-vault XP
 B = Vault XP
 C = Vault XP percentage of total XP
 D = Non-vault monster count
 E = Vault monster count
 F = Vault count percentage of total count
                 A         B        C        D         E       F
            +---------+---------+-------+---------+---------+-------
      Total |     195 |      47 |  19.4 |      54 |      13 |  19.4
            +---------+---------+-------+---------+---------+-------
        D:1 |      36 |      10 |  21.7 |      22 |       4 |  15.4
        D:2 |      37 |      37 |  50.0 |      15 |       9 |  37.5
        D:3 |     122 |       0 |   0.0 |      17 |       0 |   0.0
            +---------+---------+-------+---------+---------+-------
